Map: Year Zero LE

Players

DIMAGA - Winner!

  • Race: Zerg Zerg
  • Spawn Location: 1:00

GhostHell

  • Race: Zerg Zerg
  • Spawn Location: 11:00

Event: 2019 WCS Spring

VOD

Have the link to the VOD?

Description

Time

  • Played on: May 17, 2019, 6:51 a.m.
  • Length: 11:33

All games in this series

Show
View Real Time Build Order
Export as new Build Order

DIMAGA Zerg - Winner!

Build Orders: Hatch First 

Get SALT Encoding   

  12  0:00  Drone  
  13  0:13  Overlord  
  13  0:18  Drone  
  14  0:31  Drone x2  
  16  0:49  Hatchery  
  15  0:52  Drone  
  15  0:56  Drone  
  17  0:59  Drone  
  18  1:10  Extractor  
  17  1:15  Spawning Pool  
  16  1:19  Drone  
  16  1:22  Drone  
  18  1:29  Drone  
  19  1:39  Drone  
  20  1:50  Drone  
  21  2:00  Overlord  
  21  2:02  Queen x2  
  21  2:03  Drone  
  26  2:11  Drone  
  26  2:14  Drone  
  28  2:22  Drone x2  
  30  2:36  Hatchery  
  29  2:41  Zergling x4  
  31  2:48  Overlord  
  31  2:52  Zergling x2  
  31  2:57  Drone  
  33  2:58  Drone  
  34  3:07  Evolution Chamber  
  34  3:08  Drone x2  
  34  3:11  Drone x6  
  39  3:21  Drone x2  
  39  3:26  Roach Warren  
  40  3:30  Lair  
  40  3:33  Zerg Missile Weapons Level 1  
  40  3:36  Extractor  
  40  3:37  Extractor  
  40  3:41  Drone x3  
  39  3:44  Overlord  
  39  3:48  Drone x2  
  43  3:52  Drone  
  43  3:53  Drone  
  43  3:54  Drone  
  46  4:01  Queen  
  46  4:02  Drone  
  49  4:04  Overlord  
  49  4:11  Drone x2  
  51  4:17  Drone  
  51  4:18  Extractor  
  51  4:20  Drone x3  
  51  4:22  Drone  
  54  4:26  Drone x2  
  54  4:27  Roach x2  
  54  4:30  Glial Reconstitution  
  60  4:34  Overlord  
  60  4:43  Roach x3  
  66  4:51  Overlord x2  
  66  4:54  Roach x4  
  74  5:00  Overlord  
  74  5:12  Roach x7  
  88  5:16  Overlord  
  88  5:17  Overlord  
  88  5:25  Roach x3  
  94  5:33  Roach x2  
  96  5:41  Roach  
  96  5:42  Roach x4  
  94  5:44  Roach x2  
  93  5:51  Roach x4  
  102  5:57  Roach x2  
  101  6:08  Roach x5  
  99  6:15  Roach x3  
  99  6:22  Roach x3  
  105  6:32  Zerg Missile Weapons Level 2  
  97  6:35  Roach  
  90  6:47  Roach  
  90  6:48  Roach x5  
  102  7:01  Roach  
  102  7:02  Roach x4  
  106  7:15  Roach x4  
  114  7:16  Overlord  
  114  7:24  Overlord x2  
  114  7:30  Nydus Network  
  114  7:36  Roach x3  
  119  7:38  Overlord  
  119  7:41  Ravager  
  119  7:42  Ravager x2  
  122  7:48  Overseer  
  122  7:52  Roach  
  122  7:53  Roach x2  
  128  8:02  Roach  
  128  8:03  Roach x2  
  132  8:14  Roach x3  
  136  8:23  Nydus Canal  
  136  8:25  Roach x2  
  140  8:27  Overlord  
  140  8:44  Overseer  
  136  8:57  Roach  
  136  8:58  Roach  
  130  9:10  Roach x6  
  115  9:25  Roach Warren  
  80  9:53  Hatchery  
  66  11:07  Drone  
Show
View Real Time Build Order
Export as new Build Order

GhostHell Zerg 

Build Orders: Hatch First, Roach Nydus 

Get SALT Encoding   

  12  0:00  Drone  
  13  0:14  Overlord  
  13  0:18  Drone  
  14  0:33  Drone x2  
  16  0:37  Drone  
  17  0:53  Hatchery  
  17  0:56  Drone  
  17  1:00  Drone  
  18  1:10  Extractor  
  17  1:14  Spawning Pool  
  17  1:17  Drone  
  17  1:21  Drone  
  18  1:31  Drone  
  19  1:41  Overlord  
  19  1:52  Drone  
  20  2:01  Queen  
  20  2:02  Zergling x2  
  20  2:05  Queen  
  20  2:06  Zergling x2  
  26  2:15  Drone  
  27  2:16  Drone  
  28  2:24  Drone  
  28  2:28  Drone  
  30  2:35  Drone  
  31  2:39  Lair  
  31  2:41  Drone  
  32  2:44  Queen  
  32  2:45  Overlord  
  32  2:50  Drone  
  35  2:56  Drone  
  37  3:05  Drone  
  37  3:11  Drone x3  
  37  3:12  Evolution Chamber  
  39  3:13  Drone x3  
  39  3:19  Drone x3  
  43  3:26  Roach Warren  
  42  3:30  Evolution Chamber, Extractor  
  42  3:31  Extractor  
  39  3:35  Overlord  
  39  3:38  Zerg Missile Weapons Level 1  
  39  3:39  Drone  
  40  3:47  Overlord  
  40  3:57  Overlord  
  40  4:02  Drone x3  
  43  4:05  Drone  
  43  4:06  Glial Reconstitution  
  43  4:07  Roach x2  
  48  4:13  Roach x2  
  52  4:18  Roach x2  
  56  4:28  Nydus Network, Roach  
  57  4:33  Roach x2  
  57  4:36  Drone  
  62  4:41  Roach x2  
  62  4:44  Overlord  
  66  4:47  Roach  
  68  4:53  Overlord  
  68  5:04  Roach x4  
  68  5:06  Nydus Canal  
  76  5:07  Overlord  
  76  5:18  Roach x3  
  82  5:25  Roach  
  84  5:28  Overlord  
  84  5:39  Nydus Canal  
  84  5:41  Roach x5  
  90  5:48  Drone  
  90  5:49  Drone  
  92  6:01  Roach x4  
  92  6:02  Overlord x2  
  96  6:08  Nydus Canal  
  96  6:11  Roach x2  
  92  6:16  Roach x2  
  90  6:24  Roach x3  
  90  6:38  Zerg Missile Weapons Level 2  
  72  6:40  Hatchery  
  72  6:43  Roach  
  71  6:58  Roach x6  
  79  7:09  Roach  
  79  7:10  Roach x3  
  79  7:13  Nydus Canal  
  87  7:16  Roach  
  89  7:24  Roach x3  
  99  7:30  Roach x2  
  99  7:41  Nydus Canal  
  99  7:44  Roach x2  
  103  7:47  Roach  
  103  7:50  Extractor  
  104  7:59  Roach x4  
  110  8:14  Overlord x2  
  110  8:18  Roach x6  
  116  8:27  Roach x3  
  122  8:33  Overlord  
  122  8:34  Roach x3  
  128  8:40  Nydus Canal  
  128  8:42  Roach x2  
  113  8:56  Roach  
  117  9:06  Roach x2  
  109  9:24  Roach x4  
  75  10:06  Drone  
  76  10:11  Extractor  
  72  10:42  Extractor  
Tags
 
Add a new tag
Caveats
  • Supply blocks, unpowered buildings, or Contaminate may cause inaccurate times.
  • Supply counts are checked every 10 seconds.